 Dungeon Crawl Stone Soup version 0.13.1-17-g0f9d4ff (webtiles) character file.

18707 Kae the Severer (level 12, -7/90 HPs)
             Began as a Hill Orc Abyssal Knight on Dec 18, 2013.
             Was the Champion of Lugonu.
             Succumbed to a naga's splash of poison
             ... on Level 6 of the Lair of Beasts.
             The game lasted 00:40:15 (14631 turns).

Kae the Severer (Hill Orc Abyssal Knight)          Turns: 14631, Time: 00:40:15

HP  -7/90        AC 23     Str 23      XL: 12   Next: 55%
MP  17/27        EV  9     Int 12      God: Lugonu [******]
Gold 529         SH  0     Dex 10      Spells:  0 memorised, 11 levels left

Res.Fire  : . . .   See Invis. : .   t - +3,+0 orc broad axe (vamp)
Res.Cold  : . . .   Warding    : .   g - +3 scale mail
Life Prot.: . . .   Conserve   : .   (no shield)
Res.Poison: .       Res.Corr.  : .   O - +0 dwarf helmet
Res.Elec. : .       Clarity    : .   o - +0 cloak
Sust.Abil.: . .     Spirit.Shd : +   d - +0 pair of elf gauntlets
Res.Mut.  : .       Stasis     : .   p - +1 pair of boots {Fly}
Res.Rott. : .       Flight     : +   f - amulet of guardian spirit
Saprovore : + . .                    P - +4 ring of protection
                                     A - +3 ring of strength

@: flying, extremely poisoned, somewhat resistant to hostile enchantments,
extremely unstealthy
A: saprovore 1
a: Depart the Abyss, Bend Space, Banish, Corrupt, Enter the Abyss, Renounce
Religion, Stop Flying


You were on level 6 of the Lair of Beasts.
You worshipped Lugonu.
Lugonu was exalted by your worship.
You were not hungry.

You visited 2 branches of the dungeon, and saw 16 of its levels.
You visited the Abyss 1 time.
You also visited: Labyrinth.

You collected 858 gold pieces.
You spent 349 gold pieces at shops.

Inventory:

Hand weapons
 a - a +3,+2 orcish hand axe {=f}
 t - a +3,+0 orcish vampiric broad axe (weapon)
 W - a +2,+0 battleaxe of flaming
Armour
 d - a +0 pair of elven gauntlets (worn)
 g - a +3 scale mail (worn)
 o - a +0 cloak (worn)
 p - a +1 pair of boots of flying (worn)
 O - a +0 dwarven helmet (worn)
Magical devices
 i - a wand of random effects (14)
 k - a wand of disintegration (10)
 l - a wand of teleportation (3)
 s - a wand of disintegration (14)
 y - a wand of digging (11)
 D - a wand of cold (4)
 I - a wand of teleportation (4)
 S - a wand of fire (7) {unknown}
 Y - a wand of disintegration (10)
Comestibles
 j - 9 bread rations
 C - a honeycomb
 L - 3 pears
 Q - 3 chokos
Scrolls
 b - a scroll of enchant armour
 e - a scroll of fog
 m - 12 scrolls of teleportation
 r - 4 scrolls of identify
 u - 4 scrolls of remove curse
 x - 6 scrolls of fear
 z - a scroll of amnesia
 H - a scroll of enchant weapon I
 J - 2 scrolls of enchant weapon II
 N - 2 scrolls of recharging
 V - 2 scrolls of blinking
 Z - a scroll of holy word
Jewellery
 f - an amulet of guardian spirit (around neck)
 h - an uncursed amulet of conservation
 q - a +2 ring of strength
 A - a +3 ring of strength (left hand)
 K - an uncursed ring of teleportation
 M - an uncursed ring of magical power
 P - a +4 ring of protection (right hand)
 R - an uncursed ring of fire
 T - an uncursed ring of sustenance
Potions
 v - a potion of agility
 w - a potion of magic {unknown}
 B - a potion of strong poison {unknown}
 E - 5 potions of heal wounds
 U - a potion of confusion {unknown}
Books
 c - a book of Clouds

   Spells                             Type                      Level
   Mephitic Cloud                     Conjuration/Poison/Air       3
   Conjure Flame                      Conjuration/Fire             3
   Poisonous Cloud                    Conjuration/Poison/Air       6
   Freezing Cloud                     Conjuration/Ice/Air          6
   Ring of Flames                     Charms/Fire                  7
 F - Sif Muna's Almanac of Attacks
   (You found it on level 6 of the Dungeon)

   Spells                             Type                      Level
   Magic Dart                         Conjuration                  1
 X - the Tome of the Five Spirits
   (You found it in a labyrinth)

   Spells                             Type                      Level
   Freeze                             Ice                          1
   Throw Frost                        Conjuration/Ice              2
   Ensorcelled Hibernation            Hexes/Ice                    2
   Ozocubu's Armour                   Charms/Ice                   3
   Bolt of Cold                       Conjuration/Ice              6
   Simulacrum                         Ice/Necromancy               6
Miscellaneous
 G - a stone of tremors


   Skills:
 - Level 3.6 Fighting
 * Level 17.7 Axes
 + Level 11.0 Armour
 - Level 0.7 Dodging
 + Level 13.0 Invocations


You had 11 spell levels left.
You didn't know any spells.

Dungeon Overview and Level Annotations

Branches:
Dungeon (10/27)            Temple (0/1) D:4            Lair (6/8) D:10
  Swamp (0/5) Lair:4
    Orc: D:6-11      Shoals: Lair:3-6     Snake: Lair:3-6    Spider: Lair:3-6
  Slime: Lair:6-8

Altars:
Makhleb
Nemelex Xobeh
Okawaru
Sif Muna
Xom
Yredelemnul

Shops:
D:9 [   D:10 =*

Annotations:
D:2 Sigmund
Lair:3 exclusion: ice statue
Abyss:1 Menkaure, Urug


Innate Abilities, Weirdness & Mutations

You can tolerate rotten meat.


Message History

* * * LOW HITPOINT WARNING * * *
You feel very sick.
You see here a scimitar.
* * * LOW HITPOINT WARNING * * *
You feel extremely sick.
Things that are here:
a glaive; a naga corpse; an uncursed hand axe; a naga corpse You offer a prayer to Lugonu.
The naga corpse disappears into the void.
Lugonu is exalted by your worship.
* * * LOW HITPOINT WARNING * * *
You feel extremely sick.
* * * LOW HITPOINT WARNING * * *
You feel extremely sick.
Things that are here:
a great mace; a naga corpse; a runed glaive You offer a prayer to Lugonu.
The naga corpse is consumed by the void.
Lugonu is exalted by your worship.
You die...

#.# ..... #..###
##(...# ##.Pf#
##...... #....#
#P.....####....#
#..>..##.#....#
######.............#
.....###...........#
........##...###.#..#
#..@#..## ####....
#..)).#.# ###.
#..)##### ........##
.....## #####


There were no monsters in sight!

Vanquished Creatures
  4 black mambas
  5 spiny frogs
  2 komodo dragons
  A two-headed ogre (D:9)
  A queen bee (Lair:2)
  A polar bear (Lair:3)
  2 basilisks
  6 yaks
  A baby alligator (Lair:4)
  A wyvern (D:10)
  2 hippogriffs
  5 wolves (Lair:3)
  2 porcupines
  A mottled dragon (D:10)
  6 nagas (Lair:6)
  16 ice beasts
  An orc warrior (D:9)
  3 black bears
  3 sky beasts
  5 centaurs
  A phantom (D:8)
  5 water moccasins
  2 big kobolds (D:10)
  8 crocodiles
  4 ogres
  7 giant slugs
  A wyvern zombie (D:6)
  3 agate snails
  14 giant frogs
  A yak zombie (D:8)
  A wyvern skeleton (D:8)
  A manticore skeleton (D:7)
  7 killer bees (Lair:2)
  An eye of draining (D:10)
  A jellyfish (Lair:5)
  3 wights (D:10)
  A yak skeleton (D:10)
  2 goliath beetles
  A jelly (D:8)
  7 crimson imps
  A giant frog skeleton (D:4)
  2 orc priests (D:9)
  13 hounds
  7 scorpions
  4 orc wizards
  7 iguanas
  6 worker ants
  6 sheep (Lair:2)
  Ijyb (D:4)
  A hound zombie (D:8)
  A spectral human (D:6)
  11 adders
  4 gnolls
  63 green rats
  A worm zombie (D:8)
  3 giant centipedes
  An inept feature mimic (D:4)
  3 worms
  An iguana skeleton (D:10)
  A scorpion zombie (D:7)
  2 giant eyeballs
  An ooze (D:1)
  13 orcs
  A ball python (D:1)
  8 bats
  A bat skeleton (D:4)
  A bat zombie (D:8)
  2 giant cockroaches
  A gnoll skeleton (D:6)
  9 hobgoblins
  17 jackals
  10 quokkas
  9 giant geckos
  9 giant newts
  14 goblins
  A goblin zombie (D:5)
  2 hobgoblin skeletons
  21 kobolds
  An orc skeleton (D:9)
  17 rats
  A ballistomycete (D:7)
  3 fungi
  4 plants
424 creatures vanquished.

Vanquished Creatures (others)
  A minotaur (Lab)
  3 hydras
  A troll (D:9)
  2 orc warriors
  3 goliath beetles
  A giant spore (D:7)
11 creatures vanquished.

Grand Total: 435 creatures vanquished

Notes
Turn   | Place    | Note
--------------------------------------------------------------
     0 | Abyss:1  | Kae, the Hill Orc Abyssal Knight, began the quest for the Orb.
     0 | Abyss:1  | Reached XP level 1. HP: 17/17 MP: 1/1
     7 | D:1      | Escaped the Abyss
   339 | D:1      | Reached XP level 2. HP: 21/24 MP: 2/2
   445 | D:1      | Acquired Lugonu's second power
   625 | D:2      | Reached skill level 4 in Axes
   902 | D:2      | Reached XP level 3. HP: 30/30 MP: 4/4
  1055 | D:2      | Noticed Sigmund
  1183 | D:3      | Found an iron altar of Okawaru.
  1573 | D:3      | Acquired Lugonu's third power
  1596 | D:3      | Reached skill level 5 in Axes
  1596 | D:3      | Reached XP level 4. HP: 35/37 MP: 5/5
  2004 | D:4      | Found a sparkling altar of Nemelex Xobeh.
  2217 | D:4      | Found a staircase to the Ecumenical Temple.
  2230 | D:4      | Noticed Ijyb
  2244 | D:4      | Reached XP level 5. HP: 29/44 MP: 8/8
  2250 | D:4      | Killed Ijyb
  2250 | D:4      | Reached skill level 6 in Axes
  2562 | D:4      | Noticed an orc warrior
  2913 | D:4      | Banished an orc warrior
  2913 | D:4      | Reached XP level 6. HP: 36/50 MP: 10/10
  3035 | D:4      | Reached skill level 7 in Axes
  3245 | D:5      | Entered Level 5 of the Dungeon
  3279 | D:5      | Reached skill level 5 in Invocations
  3279 | D:5      | Reached XP level 7. HP: 42/57 MP: 11/13
  3306 | D:5      | Noticed Menkaure
  3618 | D:5      | Banished Menkaure
  3618 | D:5      | Reached skill level 8 in Axes
  4035 | D:5      | Acquired Lugonu's fourth power
  4298 | D:6      | Reached XP level 8. HP: 40/63 MP: 16/16
  4439 | D:6      | Reached skill level 9 in Axes
  4439 | D:6      | Reached skill level 5 in Armour
  4930 | D:6      | Found a basalt altar of Yredelemnul.
  5038 | D:6      | Reached skill level 10 in Axes
  5253 | D:6      | Found a deep blue altar of Sif Muna.
  5295 | D:6      | Identified Sif Muna's Almanac of Attacks (You found it on level 6 of the Dungeon)
  6016 | D:7      | Reached XP level 9. HP: 37/70 MP: 17/19
  6037 | D:7      | Paralysed by a giant eyeball for 4 turns
  6047 | D:7      | Paralysed by a giant eyeball for 4 turns
  6350 | D:7      | Reached skill level 11 in Axes
  6408 | D:7      | Found a shimmering altar of Xom.
  6827 | D:8      | Found a burning altar of Makhleb.
  7084 | D:8      | Reached skill level 12 in Axes
  7846 | D:9      | Reached XP level 10. HP: 57/77 MP: 22/22
  7973 | D:9      | Reached skill level 13 in Axes
  7999 | D:9      | Found Osiehaf's Specialty Armours.
  8509 | D:10     | Entered Level 10 of the Dungeon
  8557 | D:10     | Found Tamugeixt's Jewellery Shoppe.
  8592 | D:10     | Found Roress' Assorted Antiques.
  8630 | D:10     | Bought an uncursed ring of sustenance for 245 gold pieces
  8760 | D:10     | Bought a scroll labeled XIQOUDASYRPH for 26 gold pieces
  8760 | D:10     | Bought a potion of heal wounds for 78 gold pieces
  8814 | D:10     | Noticed Urug
  8820 | D:10     | Banished Urug
  8820 | D:10     | Reached skill level 10 in Invocations
  9148 | D:10     | Reached skill level 14 in Axes
  9348 | D:10     | Found a staircase to the Lair.
  9490 | Lair:1   | Entered Level 1 of the Lair of Beasts
  9533 | Lair:1   | Acquired Lugonu's fifth power
  9603 | Lair:1   | Noticed a black mamba
  9627 | Lair:1   | Killed a black mamba
  9627 | Lair:1   | Reached XP level 11. HP: 79/82 MP: 16/24
  9980 | Lair:2   | Reached skill level 15 in Axes
 11070 | Lair:2   | Paralysed by you for 4 turns
 11650 | Lair:3   | Reached skill level 16 in Axes
 11696 | Lair:3   | Noticed a four-headed hydra
 11802 | Lair:3   | Reached skill level 10 in Armour
 11865 | Lair:3   | Noticed an ice statue
 11961 | Lair:3   | Banished a six-headed hydra
 12068 | Lair:3   | Reached XP level 12. HP: 90/90 MP: 22/27
 12360 | Lair:3   | Noticed a four-headed hydra
 12372 | Lair:3   | Banished a seven-headed hydra
 12719 | Lair:4   | Reached skill level 17 in Axes
 12869 | Lair:4   | Found a staircase to the Swamp.
 12957 | Lair:4   | Found a labyrinth entrance.
 12974 | Lab      | Entered a labyrinth
 13084 | Lab      | Noticed a minotaur
 13089 | Lab      | Banished a minotaur
 13094 | Lab      | Identified the Tome of the Five Spirits
 13103 | Lab      | Got an encrusted helmet
 13108 | Lab      | Identified the +1 helmet "Schi Clag" {Str-4 Int-4} (You found it in a labyrinth)
 13896 | Lair:5   | Noticed a four-headed hydra
 13906 | Lair:5   | Banished an eight-headed hydra
 14631 | Lair:6   | Succumbed to a naga's splash of poison

Action                   |  1- 3 |  4- 6 |  7- 9 | 10-12 || total
-------------------------+-------+-------+-------+-------++-------
Melee: Hand axe          |    55 |       |   136 |    80 ||   271
       War axe           |    70 |   138 |   370 |       ||   578
       Broad axe         |       |       |       |   849 ||   849
Invok: Banish            |       |     1 |     7 |     8 ||    16
       Bend Space        |       |       |     1 |       ||     1
 Abil: Evoke Flight      |       |       |     1 |       ||     1
Evoke: Wand              |     1 |     2 |       |    19 ||    22
  Use: Scroll            |     6 |       |    11 |    12 ||    29
       Potion            |     2 |     1 |     3 |     4 ||    10
